 Dungeon Crawl Stone Soup version 0.28-a0-239-g68911e0c57 (webtiles) character file.

Game seed: 18277374052810722655

103 siradein the Chopper (level 4, -3/35 HPs)
             Began as a Demonspawn Berserker on Aug 24, 2021.
             Was a Believer of Trog.
             Slain by an adder (4 damage)
             ... on level 3 of the Dungeon.
             The game lasted 00:05:50 (2810 turns).

siradein the Chopper (Demonspawn Berserker)         Turns: 2810, Time: 00:05:50

Health: -3/35      AC:  5    Str: 18    XL:     4   Next: 51%
Magic:  4/4        EV: 11    Int:  8    God:    Trog [**....]
Gold:   99         SH:  0    Dex: 13    Spells: 3/3 levels left

rFire   . . .      SeeInvis .   j - +0 battleaxe
rCold   . . .      Faith    .   (shield currently unavailable)
rNeg    . . .      Spirit   .   i - +0 ring mail
rPois   .          Reflect  .   (no helmet)
rElec   .          Harm     .   (no cloak)
rCorr   .          Rampage  .   (no gloves)
Will    .....                   (no boots)
Stlth   +.........              (no amulet)
HPRegen 0.11/turn               (no ring)
MPRegen 0.09/turn               (no ring)

@: lethally poisoned (-3 -> -5)
A: claws 1, powered by pain 2
a: Renounce Religion, Berserk, Trog's Hand


You were on level 3 of the Dungeon.
You worshipped Trog.
Trog was pleased with you.
You visited 1 branch of the dungeon, and saw 3 of its levels.

You collected 99 gold pieces.

Inventory:

Hand Weapons
 h - a +0 great mace
 j - a +0 battleaxe (weapon)
Armour
 i - a +0 ring mail (worn)
Wands
 b - a wand of paralysis (3)
Scrolls
 a - a scroll of fog {unknown}
 f - a scroll of vulnerability {unknown}
 g - 4 scrolls of identify {unknown}
Potions
 c - a potion of curing {unknown}
 d - a potion of cancellation {unknown}
 e - a potion of brilliance {unknown}
 k - a potion of mutation {unknown}


   Skills:
 - Level 3.0 Fighting
 + Level 4.1(4.4) Axes
 + Level 2.3(3.5) Maces & Flails
 - Level 1.7 Armour
 - Level 1.7 Dodging


You had 3 spell levels left.
You didn't know any spells.
Your spell library was empty.

Dungeon Overview and Level Annotations

Branches:
Dungeon (3/15)

Altars:

Shops:
D:1 ??

Annotations:
D:2 1 runed translucent door, Crazy Yiuf


Innate Abilities, Weirdness & Mutations

You have sharp fingernails.
You sometimes gain power by taking damage.


Message History

The adder bites you but does no damage. The adder barely misses you.
You barely miss the adder. The adder bites you but does no damage.
The adder bites you.
You barely miss the adder. The adder closely misses you.
The adder barely misses you.
You barely miss the adder. The adder bites you.
The adder bites you but does no damage.
You miss the adder. The adder bites you. x2
You miss the adder. The adder closely misses you. x2
You miss the adder. The adder barely misses you. The adder bites you.
You are poisoned.
The adder poisons you!
You miss the adder.
You feel very sick. The adder barely misses you. The adder closely misses you.
You hit the adder.
The adder is moderately wounded.
You feel sick. The adder bites you but does no damage. The adder bites you.
You are more poisoned.
The adder poisons you!
You closely miss the adder.
The adder is moderately wounded.
* * * LOW HITPOINT WARNING * * *
You feel very sick. The adder closely misses you. The adder bites you.
* * * LOW HITPOINT WARNING * * *
You barely miss the adder.
The adder is moderately wounded.
* * * LOW HITPOINT WARNING * * *
You feel sick. The adder barely misses you. x2
You closely miss the adder.
The adder is moderately wounded.
* * * LOW HITPOINT WARNING * * *
You feel sick. The adder bites you but does no damage.
The adder barely misses you.
You barely miss the adder.
The adder is moderately wounded.
* * * LOW HITPOINT WARNING * * *
You feel sick. The adder bites you.
You die... . ....########### ......KKS@..<.# .#####)######$# #. .# #. .# #. .# !. .# #. .# #. .#

You could see an adder and 2 kobolds.

Vanquished Creatures
  4 adders (D:2)
  2 dart slugs
  An orc (D:3)
  3 bats
  7 endoplasms
  4 giant cockroaches
  9 goblins
  5 hobgoblins
  2 jackals (D:2)
  3 kobolds
  A quokka (D:1)
  7 ball pythons
  6 frilled lizards
  5 rats
59 creatures vanquished.

Notes
Turn   | Place    | Note
-------+----------+-------------------------------------------
     0 | D:1      | siradein the Demonspawn Berserker began the quest for the
                  | Orb.
     0 | D:1      | Reached XP level 1. HP: 18/18 MP: 1/1
    92 | D:1      | Reached skill level 3 in Axes
   126 | D:1      | Gained mutation: You sometimes gain a little power by
                  | taking damage. [demonic ancestry]
   126 | D:1      | Reached XP level 2. HP: 19/24 MP: 2/2
   244 | D:1      | Found Vot Sion's Magic Scroll Shop.
   436 | D:1      | Found a faded altar of an unknown god.
   594 | D:1      | Found Janwedgh's Magic Scroll Boutique.
  1103 | D:2      | Reached ** piety under Trog
  1106 | D:2      | Gained mutation: You have sharp fingernails. [demonic
                  | ancestry]
  1106 | D:2      | Reached XP level 3. HP: 18/29 MP: 3/3
  1328 | D:2      | Reached skill level 1 in Maces & Flails
  1718 | D:2      | Found a runed translucent door.
  1719 | D:2      | Noticed Crazy Yiuf
  2075 | D:2      | Gained mutation: You sometimes gain power by taking damage.
                  | [demonic ancestry]
  2075 | D:2      | Reached XP level 4. HP: 33/35 MP: 4/4
  2191 | D:2      | Reached skill level 4 in Axes
  2810 | D:3      | HP: 1/35 [poisoned by an adder]
  2810 | D:3      | Slain by an adder

Illustrated notes

Levels and vault maps discovered:
D:1:      amcnicky_arrival_wind_blow, layout_basic, serial_shops,
          shop_fountains, shop, shapermc_ecumenical_altar_rom_forum
D:2:      layout_loops_ring, hangedman_decor_riveting, solitary_fountain,
          minmay_joined_circles, uniq_crazy_yiuf_cottage
D:3:      layout_loops_ring, portal_sewer_entry_e, serial_shops, shop

Skill      XL: |  1  2  3  4 |
---------------+-------------+-----
Axes           | 3 4 |  4.1
Maces & Flails | 1 2 |  2.3
Fighting       | |  3.0
Armour         | |  1.7
Dodging        | |  1.7

Action                   |  1- 3 |  4- 6 || total
-------------------------+-------+-------++-------
Melee: Hand axe          |    39 |       ||    39
       Great mace        |    54 |       ||    54
       Battleaxe         |    13 |    76 ||    89
 Stab: Sleeping          |     1 |       ||     1
Armor: Animal skin       |     9 |       ||     9
       Ring mail         |    25 |    39 ||    64
Dodge: Dodged            |    80 |    72 ||   152

Table legend: (Time is in decaauts)
 A = Elapsed time spent in this place.
 B = Non-inter-level travel time spent in this place.
 C = Inter-level travel time spent in this place.
 D = Time resting spent in this place.
 E = Time spent auto-exploring this place.
 F = Levels seen in this place.
 G = Mean time per level.
                   A        B        C        D        E       F      G
               +--------+--------+--------+--------+--------+-----+--------+
         Total |   2887 |   2839 |     48 |     85 |   2203 |   3 |  962.3 |
       Dungeon |   2887 |   2839 |     48 |     85 |   2203 |   3 |  962.3 |
               +--------+--------+--------+--------+--------+-----+--------+

Top non-repeatable levels by time:
     D:2: 1789 daAuts
     D:1: 1066 daAuts
     D:3: 31 daAuts
